RedWings vs Flyers

Created - October 27 2011 at 18:26

Goals
1 2 3 T
RedWings 2 0 2 4
Flyers 1 0 1 2
Shots
1 2 3 T
RedWings 5 9 17 31
Flyers 5 6 7 18

Period #1

1. RedWings , Jamie Langenbrunner 3 (Niclas Bergfors, Keith Yandle) at 11:30
2. RedWings , Curtis Glencross 5 (Eric Brewer) at 11:48
3. Flyers , Tim Connolly 1 (Andrei Markov) at 12:25

Penalties :
Chris Pronger (PHI) for Interference (Minor) at 1:15, Jamie Langenbrunner (DET) for Holding (Minor) at 1:15, Kyle Brodziak (PHI) for Hooking (Minor) at 3:50, Eric Brewer (DET) for Roughing (Minor) at 13:52, Eric Brewer (DET) for Hooking (Minor) at 16:31, Andrej Sekera (PHI) for Holding (Minor) at 19:10, Alexandre Burrows (DET) for Slashing (Minor) at 19:39

Period #2

No Goal

Penalties :
Brandon McMillan (PHI) for Tripping (Minor) at 2:27, Brendan Morrison (PHI) for Hooking (Minor) at 7:03, Jamie Langenbrunner (DET) for Roughing (Minor) at 7:03

Period #3

4. RedWings , Ray Whitney 4 (Pavel Kubina, Paul Martin) at 10:04 (PP)
5. RedWings , Travis Zajac 2 (Pavel Kubina, Ray Whitney) at 11:05 (PP)
6. Flyers , Pascal Dupuis 2 (Radim Vrbata) at 18:17 (SH)

Penalties :
Kevin Bieksa (PHI) for Hooking (Minor) at 0:17, Raffi Torres (PHI) for High sticking (Minor) at 3:37, Ladislav Smid (PHI) for Roughing (Minor) at 6:04, Tim Connolly (PHI) for Hooking (Minor) at 9:29, Kyle Brodziak (PHI) for Hooking (Minor) at 10:47, Andrei Markov (PHI) for Holding (Minor) at 12:05, Andrej Sekera (PHI) for Hooking (Minor) at 16:33

Goalie Stats

Craig Anderson (DET), 16 saves from 18 shots - (0.889), W, 9-1-0, 60:00 minutes
Tomas Vokoun (PHI), 27 saves from 31 shots - (0.871), L, 5-5-1, 60:00 minutes

Players Stats

RedWings
Player Name              G  A  P  +/- PIM S  H  SB FO    MP 
------------------------------------------------------------
Alexandre Burrows        0  0  0  -1  2   3  1  1  2/6   21 
Brett Clark              0  0  0   0  0   0  0  0  0/0   14 
Brian Campbell           0  0  0  -1  0   2  0  1  0/0   21 
Colin White              0  0  0   0  0   0  0  0  0/0   0  
Curtis Glencross         1  0  1   0  0   4  1  0  0/2   13 
Eric Brewer              0  1  1   1  4   0  1  1  0/0   17 
Jamie Langenbrunner      1  0  1   1  4   1  0  0  4/6   16 
Keith Yandle             0  1  1   0  0   3  0  1  0/0   23 
Kris Draper              0  0  0   1  0   0  1  0  0/0   7  
Marty Reasoner           0  0  0   0  0   1  0  0  11/15 13 
Niclas Bergfors          0  1  1   1  0   0  0  0  3/4   7  
Paul Martin              0  1  1   0  0   3  0  1  0/0   22 
Pavel Kubina             0  2  2   0  0   0  0  1  0/0   21 
Ray Whitney              1  1  2   0  0   2  0  1  0/2   20 
Ryan Getzlaf             0  0  0  -1  0   5  1  0  15/31 21 
Sergei Kostitsyn         0  0  0   0  0   2  1  0  1/1   17 
Travis Zajac             1  0  1   0  0   2  3  0  8/24  17 
Zach Parise              0  0  0  -1  0   3  0  0  2/2   19 
Flyers
Player Name              G  A  P  +/- PIM S  H  SB FO    MP 
------------------------------------------------------------
Andrei Markov            0  1  1   1  2   2  1  2  0/0   22 
Andrej Sekera            0  0  0   1  4   0  5  0  0/0   22 
Brandon McMillan         0  0  0   0  2   2  1  0  0/0   10 
Brendan Morrison         0  0  0  -1  2   1  0  2  6/14  18 
Chris Pronger            0  0  0   0  2   0  0  3  0/0   23 
John Madden              0  0  0  -1  0   0  0  1  5/9   12 
Justin Williams          0  0  0   0  0   3  1  0  13/20 23 
Kevin Bieksa             0  0  0   0  2   1  0  2  0/0   17 
Kyle Brodziak            0  0  0  -1  4   1  0  0  3/11  7  
Ladislav Smid            0  0  0  -1  2   0  0  0  0/0   8  
Lee Stempniak            0  0  0  -1  0   2  2  0  0/2   12 
Niklas Hagman            0  0  0  -1  0   0  1  0  1/1   11 
Pascal Dupuis            1  0  1   0  0   3  0  0  0/1   17 
Radim Vrbata             0  1  1   2  0   0  0  0  2/4   16 
Raffi Torres             0  0  0   1  2   1  2  0  0/1   13 
Randy Jones              0  0  0  -1  0   1  1  0  0/0   11 
Rostislav Klesla         0  0  0   0  0   0  0  0  0/0   17 
Tim Connolly             1  0  1   1  2   1  0  0  17/30 22 

3 Stars

1 - Ray Whitney (DET)
2 - Travis Zajac (DET)
3 - Curtis Glencross (DET)

Power Play

RedWings - 2 on 10 Attempt(s) - 20.00%
Flyers - 0 on 3 Attempt(s) - 0.00%

Penalty Kill

RedWings - 3 on 3 Attempt(s) - 100.00% - Score 0 goal in Penalty Kill
Flyers - 8 on 10 Attempt(s) - 80.00% - Score 1 goal in Penalty Kill

Game Notes

No Game Note

Finance

Level 1 -- Attendance: 5126 (78.86%) -- Ticket Income $486,970.00
Level 2 -- Attendance: 4185 (83.70%) -- Ticket Income $225,990.00
Level 3 -- Attendance: 2919 (83.40%) -- Ticket Income $102,165.00
Level 4 -- Attendance: 3020 (85.38%) -- Ticket Income $45,300.00
Luxury Box -- Attendance: 813 (81.30%) -- Ticket Income $156,096.00
Game was played at the Wells Fargo Center
Total Attendance: 16063 (82.22%)
Total Ticket Income: $1,024,782.00
Other Income: $192,015.60
Total Income: $1,216,798.00


Play by Play

Period #1

0:01 of 1st period - Brendan Morrison wins face-off versus Ryan Getzlaf in neutral zone.
0:07 of 1st period - Icing by Keith Yandle.
0:08 of 1st period - Ryan Getzlaf wins face-off versus Tim Connolly in RedWings zone.
0:13 of 1st period - Shot by Zach Parise.
0:13 of 1st period - Shot Misses the Net.
0:38 of 1st period - Zach Parise is hit by Andrej Sekera and loses puck.
0:42 of 1st period - Zach Parise is hit by Andrei Markov and loses puck.
0:47 of 1st period - Shot by Alexandre Burrows.
0:47 of 1st period - Deflect By Zach Parise.
0:47 of 1st period - Shot Misses the Net.
1:07 of 1st period - Off-side.
1:08 of 1st period - Marty Reasoner wins face-off versus Brendan Morrison in neutral zone.
1:11 of 1st period - Shot by Eric Brewer.
1:11 of 1st period - Shot Misses the Net.
1:15 of 1st period - Shot by Curtis Glencross.
1:15 of 1st period - Stopped by Tomas Vokoun without a rebound.
1:15 of 1st period - Minor Penalty to Chris Pronger for Interference.
1:15 of 1st period - Minor Penalty to Jamie Langenbrunner for Holding.
1:16 of 1st period - Justin Williams wins face-off versus Alexandre Burrows in Flyers zone.
3:24 of 1st period - Brett Clark is hit by Andrej Sekera and loses puck.
3:45 of 1st period - Shot by Raffi Torres.
3:45 of 1st period - Stopped by Craig Anderson without a rebound.
3:46 of 1st period - Niclas Bergfors wins face-off versus Pascal Dupuis in RedWings zone.
3:50 of 1st period - Minor Penalty to Kyle Brodziak for Hooking.
3:51 of 1st period - Tim Connolly wins face-off versus Travis Zajac in Flyers zone.
4:24 of 1st period - Travis Zajac is hit by Brandon McMillan and loses puck.
4:41 of 1st period - Shot by Keith Yandle.
4:41 of 1st period - Shot Blocked by Chris Pronger.
4:43 of 1st period - Shot by Brian Campbell.
4:43 of 1st period - Stopped by Tomas Vokoun without a rebound.
4:44 of 1st period - Alexandre Burrows wins face-off versus Tim Connolly in Flyers zone.
4:59 of 1st period - Chris Pronger is hit by Alexandre Burrows and loses puck.
5:16 of 1st period - Shot by Keith Yandle.
5:16 of 1st period - Shot Misses the Net.
7:36 of 1st period - Shot by Travis Zajac.
7:36 of 1st period - Shot Misses the Net.
7:49 of 1st period - Icing by Pavel Kubina.
7:50 of 1st period - Brendan Morrison wins face-off versus Travis Zajac in RedWings zone.
7:51 of 1st period - Shot by Justin Williams.
7:51 of 1st period - Deflect By Brendan Morrison.
7:51 of 1st period - Shot Blocked by Ray Whitney.
7:53 of 1st period - Shot by Justin Williams.
7:53 of 1st period - Shot Misses the Net.
8:02 of 1st period - Off-side.
8:03 of 1st period - Jamie Langenbrunner wins face-off versus Lee Stempniak in neutral zone.
8:11 of 1st period - Kris Draper is hit by Lee Stempniak.
8:15 of 1st period - Rostislav Klesla is hit by Kris Draper.
8:43 of 1st period - Shot by Brett Clark.
8:43 of 1st period - Deflect By Zach Parise.
8:43 of 1st period - Shot Blocked by John Madden.
10:36 of 1st period - Ray Whitney is hit by Raffi Torres and loses puck.
11:26 of 1st period - Shot by Niclas Bergfors.
11:26 of 1st period - Shot Misses the Net.
11:30 of 1st period - Shot by Jamie Langenbrunner.
11:30 of 1st period - Goal by Jamie Langenbrunner - RedWings : 1 - Flyers : 0.
11:31 of 1st period - John Madden wins face-off versus Marty Reasoner in neutral zone.
11:38 of 1st period - Shot by Pascal Dupuis.
11:38 of 1st period - Stopped by Craig Anderson with a rebound.
11:48 of 1st period - Shot by Curtis Glencross.
11:48 of 1st period - Goal by Curtis Glencross - RedWings : 2 - Flyers : 0.
11:49 of 1st period - Ryan Getzlaf wins face-off versus Tim Connolly in neutral zone.
11:54 of 1st period - Shot by Zach Parise.
11:54 of 1st period - Stopped by Tomas Vokoun without a rebound.
11:55 of 1st period - Ryan Getzlaf wins face-off versus Kyle Brodziak in Flyers zone.
12:16 of 1st period - Shot by Justin Williams.
12:16 of 1st period - Shot Blocked by Alexandre Burrows.
12:20 of 1st period - Shot by Brandon McMillan.
12:20 of 1st period - Stopped by Craig Anderson without a rebound.
12:21 of 1st period - Tim Connolly wins face-off versus Marty Reasoner in RedWings zone.
12:21 of 1st period - Tim Connolly is hit by Eric Brewer.
12:25 of 1st period - Shot by Tim Connolly.
12:25 of 1st period - Goal by Tim Connolly - RedWings : 2 - Flyers : 1.
12:26 of 1st period - Marty Reasoner wins face-off versus Tim Connolly in neutral zone.
12:36 of 1st period - Icing by Raffi Torres.
12:37 of 1st period - Tim Connolly wins face-off versus Travis Zajac in Flyers zone.
13:04 of 1st period - Raffi Torres is hit by Travis Zajac and loses puck.
13:52 of 1st period - Minor Penalty to Eric Brewer for Roughing.
13:53 of 1st period - Marty Reasoner wins face-off versus Brendan Morrison in RedWings zone.
16:12 of 1st period - Eric Brewer is hit by Randy Jones and loses puck.
16:15 of 1st period - Shot by Curtis Glencross.
16:15 of 1st period - Shot Misses the Net.
16:17 of 1st period - Shot by Curtis Glencross.
16:17 of 1st period - Shot Misses the Net.
16:31 of 1st period - Minor Penalty to Eric Brewer for Hooking.
16:32 of 1st period - Niclas Bergfors wins face-off versus Tim Connolly in RedWings zone.
17:26 of 1st period - Off-side.
17:27 of 1st period - Marty Reasoner wins face-off versus Brendan Morrison in neutral zone.
17:40 of 1st period - Shot by Chris Pronger.
17:40 of 1st period - Deflect By Pascal Dupuis.
17:40 of 1st period - Stopped by Craig Anderson without a rebound.
17:41 of 1st period - John Madden wins face-off versus Marty Reasoner in RedWings zone.
18:13 of 1st period - Icing by Rostislav Klesla.
18:14 of 1st period - Marty Reasoner wins face-off versus John Madden in Flyers zone.
18:29 of 1st period - Icing by Kevin Bieksa.
18:30 of 1st period - Niclas Bergfors wins face-off versus John Madden in Flyers zone.
18:42 of 1st period - Off-side.
18:43 of 1st period - Travis Zajac wins face-off versus Tim Connolly in neutral zone.
18:45 of 1st period - Off-side.
18:46 of 1st period - Marty Reasoner wins face-off versus Raffi Torres in neutral zone.
19:10 of 1st period - Minor Penalty to Andrej Sekera for Holding.
19:11 of 1st period - Justin Williams wins face-off versus Ryan Getzlaf in Flyers zone.
19:39 of 1st period - Minor Penalty to Alexandre Burrows for Slashing.
19:40 of 1st period - Tim Connolly wins face-off versus Curtis Glencross in RedWings zone.

Period #2

0:01 of 2nd period - Justin Williams wins face-off versus Ryan Getzlaf in neutral zone.
0:03 of 2nd period - Off-side.
0:04 of 2nd period - Ryan Getzlaf wins face-off versus Justin Williams in neutral zone.
0:40 of 2nd period - Shot by Zach Parise.
0:40 of 2nd period - Stopped by Tomas Vokoun without a rebound.
0:41 of 2nd period - Tim Connolly wins face-off versus Curtis Glencross in Flyers zone.
1:21 of 2nd period - Shot by Andrei Markov.
1:21 of 2nd period - Stopped by Craig Anderson without a rebound.
1:22 of 2nd period - Brendan Morrison wins face-off versus Niclas Bergfors in RedWings zone.
2:04 of 2nd period - Icing by Brett Clark.
2:05 of 2nd period - Marty Reasoner wins face-off versus Kyle Brodziak in RedWings zone.
2:16 of 2nd period - Chris Pronger is hit by Curtis Glencross.
2:27 of 2nd period - Minor Penalty to Brandon McMillan for Tripping.
2:28 of 2nd period - Ryan Getzlaf wins face-off versus Tim Connolly in Flyers zone.
2:31 of 2nd period - Shot by Alexandre Burrows.
2:31 of 2nd period - Stopped by Tomas Vokoun without a rebound.
2:32 of 2nd period - Ryan Getzlaf wins face-off versus Tim Connolly in Flyers zone.
2:39 of 2nd period - Shot by Keith Yandle.
2:39 of 2nd period - Stopped by Tomas Vokoun without a rebound.
2:40 of 2nd period - Tim Connolly wins face-off versus Travis Zajac in Flyers zone.
3:03 of 2nd period - Shot by Sergei Kostitsyn.
3:03 of 2nd period - Shot Misses the Net.
3:05 of 2nd period - Shot by Paul Martin.
3:05 of 2nd period - Stopped by Tomas Vokoun without a rebound.
3:06 of 2nd period - Ryan Getzlaf wins face-off versus Justin Williams in Flyers zone.
3:20 of 2nd period - Shot by Ryan Getzlaf.
3:20 of 2nd period - Stopped by Tomas Vokoun without a rebound.
3:21 of 2nd period - Ryan Getzlaf wins face-off versus Justin Williams in Flyers zone.
3:33 of 2nd period - Off-side.
3:34 of 2nd period - Justin Williams wins face-off versus Travis Zajac in neutral zone.
4:03 of 2nd period - Shot by Pavel Kubina.
4:03 of 2nd period - Shot Misses the Net.
4:05 of 2nd period - Shot by Paul Martin.
4:05 of 2nd period - Stopped by Tomas Vokoun without a rebound.
4:06 of 2nd period - Ryan Getzlaf wins face-off versus Justin Williams in Flyers zone.
6:13 of 2nd period - Shot by Tim Connolly.
6:13 of 2nd period - Shot Blocked by Keith Yandle.
6:19 of 2nd period - Shot by Alexandre Burrows.
6:19 of 2nd period - Stopped by Tomas Vokoun without a rebound.
6:20 of 2nd period - Jamie Langenbrunner wins face-off versus Brendan Morrison in Flyers zone.
6:25 of 2nd period - Shot by Jamie Langenbrunner.
6:25 of 2nd period - Shot Blocked by Chris Pronger.
6:37 of 2nd period - Shot by Justin Williams.
6:37 of 2nd period - Shot Misses the Net.
7:03 of 2nd period - Minor Penalty to Brendan Morrison for Hooking.
7:03 of 2nd period - Minor Penalty to Jamie Langenbrunner for Roughing.
7:04 of 2nd period - Tim Connolly wins face-off versus Alexandre Burrows in neutral zone.
7:13 of 2nd period - Icing by Paul Martin.
7:14 of 2nd period - Tim Connolly wins face-off versus Alexandre Burrows in RedWings zone.
7:15 of 2nd period - Shot by Andrei Markov.
7:15 of 2nd period - Stopped by Craig Anderson without a rebound.
7:16 of 2nd period - Ryan Getzlaf wins face-off versus Justin Williams in RedWings zone.
7:58 of 2nd period - Icing by Brian Campbell.
7:59 of 2nd period - Ryan Getzlaf wins face-off versus Radim Vrbata in RedWings zone.
8:35 of 2nd period - Icing by Alexandre Burrows.
8:36 of 2nd period - Justin Williams wins face-off versus Alexandre Burrows in RedWings zone.
8:39 of 2nd period - Shot by Justin Williams.
8:39 of 2nd period - Stopped by Craig Anderson without a rebound.
8:40 of 2nd period - Alexandre Burrows wins face-off versus Justin Williams in RedWings zone.
8:40 of 2nd period - Alexandre Burrows is hit by Justin Williams.
8:56 of 2nd period - Shot by Alexandre Burrows.
8:56 of 2nd period - Shot Misses the Net.
10:43 of 2nd period - Icing by Chris Pronger.
10:44 of 2nd period - Sergei Kostitsyn wins face-off versus Kyle Brodziak in Flyers zone.
11:04 of 2nd period - Shot by Brandon McMillan.
11:04 of 2nd period - Stopped by Craig Anderson with a rebound.
11:18 of 2nd period - Shot by Niklas Hagman.
11:18 of 2nd period - Shot Blocked by Paul Martin.
12:10 of 2nd period - Shot by Keith Yandle.
12:10 of 2nd period - Shot Misses the Net.
12:36 of 2nd period - Icing by Andrei Markov.
12:37 of 2nd period - Tim Connolly wins face-off versus Travis Zajac in Flyers zone.
12:56 of 2nd period - Shot by Justin Williams.
12:56 of 2nd period - Deflect By Pascal Dupuis.
12:56 of 2nd period - Shot Blocked by Pavel Kubina.
13:05 of 2nd period - Icing by Paul Martin.
13:06 of 2nd period - Travis Zajac wins face-off versus John Madden in RedWings zone.
13:21 of 2nd period - Icing by Paul Martin.
13:22 of 2nd period - Kyle Brodziak wins face-off versus Ray Whitney in RedWings zone.
13:48 of 2nd period - Shot by Kyle Brodziak.
13:48 of 2nd period - Shot Misses the Net.
13:52 of 2nd period - Shot by Kyle Brodziak.
13:52 of 2nd period - Stopped by Craig Anderson without a rebound.
13:53 of 2nd period - John Madden wins face-off versus Ryan Getzlaf in RedWings zone.
14:16 of 2nd period - Off-side.
14:17 of 2nd period - Marty Reasoner wins face-off versus Tim Connolly in neutral zone.
14:22 of 2nd period - Shot by Eric Brewer.
14:22 of 2nd period - Shot Misses the Net.
14:44 of 2nd period - Shot by Jamie Langenbrunner.
14:44 of 2nd period - Shot Misses the Net.
15:12 of 2nd period - Shot by Alexandre Burrows.
15:12 of 2nd period - Deflect By Ryan Getzlaf.
15:12 of 2nd period - Stopped by Tomas Vokoun without a rebound.
15:13 of 2nd period - Brendan Morrison wins face-off versus Ryan Getzlaf in Flyers zone.
15:52 of 2nd period - Off-side.
15:53 of 2nd period - John Madden wins face-off versus Jamie Langenbrunner in neutral zone.
16:22 of 2nd period - Shot by Niclas Bergfors.
16:22 of 2nd period - Shot Misses the Net.
17:09 of 2nd period - Icing by Chris Pronger.
17:10 of 2nd period - Ryan Getzlaf wins face-off versus Kyle Brodziak in Flyers zone.
18:02 of 2nd period - Shot by Tim Connolly.
18:02 of 2nd period - Deflect By Radim Vrbata.
18:02 of 2nd period - Shot Blocked by Brian Campbell.
18:04 of 2nd period - Shot by Radim Vrbata.
18:04 of 2nd period - Shot Misses the Net.
18:28 of 2nd period - Off-side.
18:29 of 2nd period - John Madden wins face-off versus Jamie Langenbrunner in neutral zone.
18:32 of 2nd period - Shot by Lee Stempniak.
18:32 of 2nd period - Stopped by Craig Anderson without a rebound.
18:33 of 2nd period - Jamie Langenbrunner wins face-off versus Brendan Morrison in RedWings zone.
18:54 of 2nd period - Shot by Justin Williams.
18:54 of 2nd period - Shot Misses the Net.
18:59 of 2nd period - Shot by Justin Williams.
18:59 of 2nd period - Shot Misses the Net.
19:46 of 2nd period - Shot by Ray Whitney.
19:46 of 2nd period - Stopped by Tomas Vokoun without a rebound.
19:47 of 2nd period - Tim Connolly wins face-off versus Ray Whitney in Flyers zone.

Period #3

0:01 of 3rd period - Zach Parise wins face-off versus Brendan Morrison in neutral zone.
0:17 of 3rd period - Minor Penalty to Kevin Bieksa for Hooking.
0:18 of 3rd period - Travis Zajac wins face-off versus Tim Connolly in Flyers zone.
0:22 of 3rd period - Ray Whitney is hit by Andrej Sekera and loses puck.
1:44 of 3rd period - Shot by Ryan Getzlaf.
1:44 of 3rd period - Stopped by Tomas Vokoun without a rebound.
1:45 of 3rd period - Tim Connolly wins face-off versus Ryan Getzlaf in Flyers zone.
2:01 of 3rd period - Icing by Keith Yandle.
2:02 of 3rd period - Justin Williams wins face-off versus Ryan Getzlaf in RedWings zone.
2:10 of 3rd period - Icing by Brian Campbell.
2:11 of 3rd period - Tim Connolly wins face-off versus Ryan Getzlaf in RedWings zone.
2:30 of 3rd period - Shot by Randy Jones.
2:30 of 3rd period - Stopped by Craig Anderson without a rebound.
2:31 of 3rd period - Travis Zajac wins face-off versus Kyle Brodziak in RedWings zone.
3:10 of 3rd period - Icing by Ladislav Smid.
3:11 of 3rd period - Marty Reasoner wins face-off versus Kyle Brodziak in Flyers zone.
3:36 of 3rd period - Marty Reasoner is hit by Raffi Torres and loses puck.
3:37 of 3rd period - Minor Penalty to Raffi Torres for High sticking.
3:38 of 3rd period - Tim Connolly wins face-off versus Ryan Getzlaf in Flyers zone.
4:06 of 3rd period - Shot by Ryan Getzlaf.
4:06 of 3rd period - Stopped by Tomas Vokoun with a rebound.
4:35 of 3rd period - Icing by Pavel Kubina.
4:36 of 3rd period - Justin Williams wins face-off versus Travis Zajac in RedWings zone.
4:47 of 3rd period - Shot by Travis Zajac.
4:47 of 3rd period - Shot Misses the Net.
4:49 of 3rd period - Shot by Paul Martin.
4:49 of 3rd period - Stopped by Tomas Vokoun without a rebound.
4:50 of 3rd period - Radim Vrbata wins face-off versus Travis Zajac in Flyers zone.
4:59 of 3rd period - Shot by Pavel Kubina.
4:59 of 3rd period - Shot Blocked by Kevin Bieksa.
5:24 of 3rd period - Andrej Sekera is hit by Travis Zajac and loses puck.
5:49 of 3rd period - Shot by Jamie Langenbrunner.
5:49 of 3rd period - Shot Misses the Net.
5:53 of 3rd period - Shot by Marty Reasoner.
5:53 of 3rd period - Stopped by Tomas Vokoun with a rebound.
5:55 of 3rd period - Shot by Eric Brewer.
5:55 of 3rd period - Shot Misses the Net.
5:59 of 3rd period - Shot by Marty Reasoner.
5:59 of 3rd period - Shot Misses the Net.
6:01 of 3rd period - Shot by Marty Reasoner.
6:01 of 3rd period - Deflect By Curtis Glencross.
6:01 of 3rd period - Stopped by Tomas Vokoun without a rebound.
6:02 of 3rd period - Ryan Getzlaf wins face-off versus Kyle Brodziak in Flyers zone.
6:04 of 3rd period - Minor Penalty to Ladislav Smid for Roughing.
6:05 of 3rd period - Ryan Getzlaf wins face-off versus Justin Williams in Flyers zone.
6:30 of 3rd period - Shot by Keith Yandle.
6:30 of 3rd period - Stopped by Tomas Vokoun without a rebound.
6:31 of 3rd period - Justin Williams wins face-off versus Travis Zajac in Flyers zone.
6:37 of 3rd period - Icing by Pavel Kubina.
6:38 of 3rd period - Tim Connolly wins face-off versus Travis Zajac in RedWings zone.
6:48 of 3rd period - Icing by Sergei Kostitsyn.
6:49 of 3rd period - Travis Zajac wins face-off versus Tim Connolly in RedWings zone.
7:09 of 3rd period - Pavel Kubina is hit by Andrej Sekera and loses puck.
7:57 of 3rd period - Shot by Zach Parise.
7:57 of 3rd period - Stopped by Tomas Vokoun without a rebound.
7:58 of 3rd period - Travis Zajac wins face-off versus Brendan Morrison in Flyers zone.
8:07 of 3rd period - Shot by Curtis Glencross.
8:07 of 3rd period - Stopped by Tomas Vokoun without a rebound.
8:08 of 3rd period - Marty Reasoner wins face-off versus Lee Stempniak in Flyers zone.
8:39 of 3rd period - Off-side.
8:40 of 3rd period - Kyle Brodziak wins face-off versus Ryan Getzlaf in neutral zone.
8:58 of 3rd period - Shot by Justin Williams.
8:58 of 3rd period - Stopped by Craig Anderson with a rebound.
9:29 of 3rd period - Minor Penalty to Tim Connolly for Hooking.
9:30 of 3rd period - Travis Zajac wins face-off versus Brendan Morrison in Flyers zone.
9:45 of 3rd period - Shot by Sergei Kostitsyn.
9:45 of 3rd period - Stopped by Tomas Vokoun without a rebound.
9:46 of 3rd period - Brendan Morrison wins face-off versus Travis Zajac in Flyers zone.
10:00 of 3rd period - Shot by Pavel Kubina.
10:00 of 3rd period - Shot Blocked by Brendan Morrison.
10:04 of 3rd period - Shot by Ray Whitney.
10:04 of 3rd period - Goal by Ray Whitney - RedWings : 3 - Flyers : 1.
10:05 of 3rd period - Niklas Hagman wins face-off versus Marty Reasoner in neutral zone.
10:08 of 3rd period - Brett Clark is hit by Niklas Hagman and loses puck.
10:21 of 3rd period - Shot by Curtis Glencross.
10:21 of 3rd period - Shot Misses the Net.
10:40 of 3rd period - Shot by Lee Stempniak.
10:40 of 3rd period - Shot Misses the Net.
10:42 of 3rd period - Shot by Rostislav Klesla.
10:42 of 3rd period - Shot Blocked by Eric Brewer.
10:46 of 3rd period - Shot by Lee Stempniak.
10:46 of 3rd period - Stopped by Craig Anderson without a rebound.
10:47 of 3rd period - Travis Zajac wins face-off versus Kyle Brodziak in RedWings zone.
10:47 of 3rd period - Minor Penalty to Kyle Brodziak for Hooking.
10:48 of 3rd period - Justin Williams wins face-off versus Travis Zajac in Flyers zone.
11:05 of 3rd period - Shot by Travis Zajac.
11:05 of 3rd period - Goal by Travis Zajac - RedWings : 4 - Flyers : 1.
11:06 of 3rd period - Kyle Brodziak wins face-off versus Ryan Getzlaf in neutral zone.
11:25 of 3rd period - Shot by Zach Parise.
11:25 of 3rd period - Shot Misses the Net.
11:29 of 3rd period - Shot by Alexandre Burrows.
11:29 of 3rd period - Stopped by Tomas Vokoun without a rebound.
11:30 of 3rd period - Tim Connolly wins face-off versus Travis Zajac in Flyers zone.
12:05 of 3rd period - Minor Penalty to Andrei Markov for Holding.
12:06 of 3rd period - Justin Williams wins face-off versus Ryan Getzlaf in Flyers zone.
12:06 of 3rd period - Justin Williams is hit by Ryan Getzlaf.
12:18 of 3rd period - Shot by Keith Yandle.
12:18 of 3rd period - Shot Blocked by Brendan Morrison.
12:20 of 3rd period - Shot by Zach Parise.
12:20 of 3rd period - Shot Misses the Net.
12:22 of 3rd period - Shot by Alexandre Burrows.
12:22 of 3rd period - Shot Blocked by Chris Pronger.
12:26 of 3rd period - Shot by Ryan Getzlaf.
12:26 of 3rd period - Shot Blocked by Kevin Bieksa.
12:32 of 3rd period - Shot by Brian Campbell.
12:32 of 3rd period - Shot Misses the Net.
12:34 of 3rd period - Shot by Keith Yandle.
12:34 of 3rd period - Deflect By Ryan Getzlaf.
12:34 of 3rd period - Shot Misses the Net.
12:36 of 3rd period - Shot by Ryan Getzlaf.
12:36 of 3rd period - Shot Misses the Net.
12:40 of 3rd period - Shot by Keith Yandle.
12:40 of 3rd period - Stopped by Tomas Vokoun without a rebound.
12:41 of 3rd period - Tim Connolly wins face-off versus Travis Zajac in Flyers zone.
14:04 of 3rd period - Icing by Paul Martin.
14:05 of 3rd period - Marty Reasoner wins face-off versus John Madden in RedWings zone.
14:05 of 3rd period - Marty Reasoner is hit by Lee Stempniak.
15:10 of 3rd period - Shot by Sergei Kostitsyn.
15:10 of 3rd period - Stopped by Tomas Vokoun without a rebound.
15:11 of 3rd period - Zach Parise wins face-off versus Tim Connolly in Flyers zone.
15:18 of 3rd period - Shot by Ryan Getzlaf.
15:18 of 3rd period - Stopped by Tomas Vokoun without a rebound.
15:19 of 3rd period - Tim Connolly wins face-off versus Travis Zajac in Flyers zone.
15:19 of 3rd period - Andrej Sekera is hit by Travis Zajac and loses puck.
15:30 of 3rd period - Shot by Travis Zajac.
15:30 of 3rd period - Shot Blocked by Andrei Markov.
15:32 of 3rd period - Shot by Pavel Kubina.
15:32 of 3rd period - Shot Misses the Net.
15:34 of 3rd period - Shot by Travis Zajac.
15:34 of 3rd period - Shot Misses the Net.
15:38 of 3rd period - Shot by Ray Whitney.
15:38 of 3rd period - Shot Blocked by Andrei Markov.
15:42 of 3rd period - Shot by Travis Zajac.
15:42 of 3rd period - Stopped by Tomas Vokoun with a rebound.
16:04 of 3rd period - Icing by Andrei Markov.
16:05 of 3rd period - Jamie Langenbrunner wins face-off versus Tim Connolly in Flyers zone.
16:05 of 3rd period - Keith Yandle is hit by Andrej Sekera and loses puck.
16:33 of 3rd period - Minor Penalty to Andrej Sekera for Hooking.
16:34 of 3rd period - Justin Williams wins face-off versus Ryan Getzlaf in Flyers zone.
16:53 of 3rd period - Shot by Brian Campbell.
16:53 of 3rd period - Stopped by Tomas Vokoun without a rebound.
16:54 of 3rd period - Justin Williams wins face-off versus Travis Zajac in Flyers zone.
16:54 of 3rd period - Justin Williams is hit by Sergei Kostitsyn.
17:54 of 3rd period - Icing by Keith Yandle.
17:55 of 3rd period - Justin Williams wins face-off versus Ryan Getzlaf in RedWings zone.
18:06 of 3rd period - Shot by Brendan Morrison.
18:06 of 3rd period - Stopped by Craig Anderson with a rebound.
18:08 of 3rd period - Shot by Kevin Bieksa.
18:08 of 3rd period - Stopped by Craig Anderson with a rebound.
18:15 of 3rd period - Icing by Brian Campbell.
18:16 of 3rd period - Radim Vrbata wins face-off versus Ryan Getzlaf in RedWings zone.
18:17 of 3rd period - Shot by Pascal Dupuis.
18:17 of 3rd period - Goal by Pascal Dupuis - RedWings : 4 - Flyers : 2.
18:18 of 3rd period - Ryan Getzlaf wins face-off versus Radim Vrbata in neutral zone.
19:00 of 3rd period - Shot by Curtis Glencross.
19:00 of 3rd period - Shot Misses the Net.
19:38 of 3rd period - Shot by Justin Williams.
19:38 of 3rd period - Stopped by Craig Anderson without a rebound.
19:39 of 3rd period - Brendan Morrison wins face-off versus Ryan Getzlaf in RedWings zone.
19:42 of 3rd period - Shot by Justin Williams.
19:42 of 3rd period - Shot Misses the Net.


Output by the SimonT Hockey Simulator (STHS) for Stephane Roy -- Original Page W3C XHTML 1.0 Valid